Map: Void Training Stage 3

Players

Dakare

  • Race: Zerg Zerg
  • Spawn Location: 12:00

Player 2 - Winner!

  • Race: Protoss Protoss
  • Spawn Location: 6:00

VOD

Have the link to the VOD?

Description

Time

  • Played on: Jan. 3, 2018, 5:10 a.m.
  • Length: 4:01
Show
View Real Time Build Order
Export as new Build Order

Dakare Zerg 

Build Orders: Hatch First 

Get SALT Encoding   

  12  0:00  Drone  
  13  0:14  Overlord  
  13  0:18  Drone  
  14  0:33  Drone x2  
  16  0:42  Drone  
  17  0:48  Drone  
  18  0:57  Hatchery  
  18  1:02  Drone  
  18  1:04  Extractor  
  18  1:08  Drone  
  18  1:20  Spawning Pool  
  18  1:22  Drone  
  18  1:34  Drone  
  19  1:41  Drone  
  20  1:51  Overlord  
  20  2:02  Drone  
  21  2:10  Metabolic Boost  
  21  2:15  Drone x2  
  23  2:18  Queen x2  
  27  2:34  Hatchery  
  26  2:39  Drone x2  
  26  2:42  Drone  
  30  2:44  Drone  
  30  2:50  Overlord  
  30  2:59  Drone x3  
  33  3:07  Drone x2  
  33  3:12  Roach Warren  
  34  3:17  Extractor, Drone x2  
  35  3:30  Drone  
  35  3:31  Drone x6  
  42  3:36  Extractor  
  42  3:39  Extractor  
  42  3:40  Overlord  
  42  3:41  Drone  
  41  3:56  Evolution Chamber  
Show
View Real Time Build Order
Export as new Build Order

Player 2 Protoss - Winner!

Build Orders:  

Get SALT Encoding   

  12  0:00  Probe  
  13  0:13  Probe  
  14  0:21  Pylon  
  14  0:25  Probe  
  15  0:39  Probe  
  16  0:47  Assimilator  
  16  0:51  Gateway, Probe  
  17  1:00  Pylon  
  17  1:03  Probe  
  18  1:32  Gateway  
  18  1:36  Assimilator  
  18  1:43  Zealot, Cybernetics Core  
  20  2:10  Zealot  
  20  2:12  Pylon  
  22  2:20  Stalker  
  24  2:37  Stalker  
  24  2:39  Probe  
  27  2:50  Stalker  
  29  2:51  Probe  
  29  2:58  Pylon  
  30  3:03  Probe  
  31  3:07  Stalker  
  33  3:16  Probe, Forge  
  34  3:28  Probe  
  35  3:40  Probe  
Tags
 
Add a new tag
Caveats
  • Supply blocks, unpowered buildings, or Contaminate may cause inaccurate times.
  • Supply counts are checked every 10 seconds.